 Dungeon Crawl Stone Soup version 0.26-a0-812-g31a745ddcd (webtiles) character file.

Game seed: 10150261136623424287

1437 tognito the Cleaver (level 8, 0/96 HPs)
             Began as a Minotaur Berserker on Dec 4, 2020.
             Was an Elder of Trog.
             Slain by an orc
             ... wielding the +3 glaive of the Blowfly {vorpal, *Contam rN+ MR+++ Int+4}
              (1 damage)
             ... on level 5 of the Dungeon.
             The game lasted 00:09:08 (4863 turns).

tognito the Cleaver (Minotaur Berserker)            Turns: 4863, Time: 00:09:09

Health: 0/96       AC:  6    Str: 23    XL:     8   Next: 45%
Magic:  7/7        EV: 10    Int:  4    God:    Trog [****..]
Gold:   244        SH:  0    Dex: 11    Spells: 7/7 levels left

rFire    . . .     SeeInvis .   a - +0 war axe
rCold    + . .     Faith    +   (no shield)
rNeg     . . .     Spirit   .   r - +0 scale mail
rPois    .         Reflect  .   (helmet restricted)
rElec    .         Harm     .   (no cloak)
rCorr    .         Rampage  .   (no gloves)
MR       .....                  (no boots)
Stlth    ..........             g - amulet of faith
HPRegen  0.26/turn              f - ring of protection from cold
MPRegen  0.10/turn              j - ring of flight

@: berserking, very quick
A: retaliatory headbutt, horns 2
a: Berserk, Trog's Hand, Brothers in Arms, Renounce Religion, Evoke Flight


You were on level 5 of the Dungeon.
You worshipped Trog.
Trog was greatly pleased with you.
You visited 1 branch of the dungeon, and saw 5 of its levels.

You collected 244 gold pieces.

Inventory:

Hand Weapons
 a - a +0 war axe (weapon)
 q - a +1 hand axe of venom
Missiles
 e - 5 boomerangs
 h - 14 poisoned darts (quivered)
 n - 51 bolts
Armour
 r - a +0 scale mail (worn)
Jewellery
 f - a ring of protection from cold (left hand)
 g - an amulet of faith (around neck)
 j - a ring of flight (right hand)
Scrolls
 b - a scroll of magic mapping {unknown}
 c - 2 scrolls of blinking {unknown}
 d - 3 scrolls of remove curse {unknown}
 l - 3 scrolls of identify
 m - 2 scrolls of noise {unknown}
 o - 3 scrolls of teleportation {unknown}
 p - 3 scrolls of fear {unknown}
 t - 2 scrolls of immolation {unknown}
 u - a scroll of amnesia {unknown}
Potions
 i - 3 potions of curing
 k - a potion of might
 s - a potion of invisibility


   Skills:
 - Level 3.6 Fighting
 * Level 12.6 Axes
 - Level 2.4 Armour
 - Level 2.1 Dodging


You had 7 spell levels left.
You didn't know any spells.
Your spell library was empty.

Dungeon Overview and Level Annotations

Branches:
Dungeon (5/15)             Temple (0/1) D:4

Altars:
Elyvilon
Gozag
Kikubaaqudgha
Trog
Uskayaw


Innate Abilities, Weirdness & Mutations

You reflexively headbutt those who attack you in melee.
You have a pair of horns on your head.


Message History

Trog accepts your kill.
You slash the orc!
You kill the orc!
Trog accepts your kill.
You closely miss the orc. You slice the orc!!
You kill the orc!
Trog accepts your kill. Something hits you.
* * * LOW HITPOINT WARNING * * *
x2 A bullfrog zombie comes into view.
Found a stone staircase leading up.
Things that are here:
a sky beast corpse; a jackal corpse You miss something.
Something hits you.
* * * LOW HITPOINT WARNING * * *
x2 You barely miss something.
You closely miss something. Something hits you.
* * * LOW HITPOINT WARNING * * *
You die...

....... .#
.........#
..Z......# .#
.........# .# ..
.........###.###>.
.<..............>
......{#.........
.###.#@))....#
......'..)....+
..##..#.......#
##..#.......#
.#......######
........#
.........####
...#..##....# .
#.. #....#


You could see a bullfrog zombie.

Vanquished Creatures
  Pikel (D:5)
  A necrophage (D:5)
  An ice beast (D:5)
  2 sky beasts (D:5)
  2 scorpions (D:4)
  2 orc priests
  A centaur skeleton (D:4)
  Natasha (thrice) (D:2)
  2 orc wizards
  A worker ant (D:4)
  A hound skeleton (D:5)
  A howler monkey zombie (D:5)
  2 howler monkey skeletons (D:5)
  10 adders
  2 shadow imps (D:4)
  A white imp (D:5)
  An adder skeleton (D:4)
  A dart slug (D:3)
  3 leopard geckos
  15 orcs
  A giant cockroach (D:1)
  7 goblins
  A hobgoblin (D:2)
  5 jackals
  5 kobolds
  5 quokkas
  A ball python (D:5)
  10 bats
  7 frilled lizards
  3 rats
98 creatures vanquished.

Vanquished Creatures (others)
  A plant (D:3)
1 creature vanquished.

Grand Total: 99 creatures vanquished

Notes
Turn   | Place    | Note
-------+----------+-------------------------------------------
     0 | D:1      | tognito the Minotaur Berserker began the quest for the Orb.
     0 | D:1      | Reached XP level 1. HP: 19/19 MP: 0/0
    34 | D:1      | Reached skill level 4 in Axes
   155 | D:1      | Reached XP level 2. HP: 26/26 MP: 1/1
   928 | D:2      | Reached skill level 5 in Axes
   941 | D:2      | Reached XP level 3. HP: 28/31 MP: 2/2
  1003 | D:2      | Reached ** piety under Trog
  1361 | D:2      | Noticed Natasha
  1369 | D:2      | Killed Natasha
  1414 | D:2      | Noticed Natasha
  1419 | D:2      | Killed Natasha
  1419 | D:2      | Reached skill level 6 in Axes
  1419 | D:2      | Reached XP level 4. HP: 32/39 MP: 3/3
  1764 | D:2      | Noticed Natasha
  1770 | D:2      | Killed Natasha
  1861 | D:3      | Reached skill level 7 in Axes
  1861 | D:3      | Reached XP level 5. HP: 43/45 MP: 4/4
  1992 | D:3      | Found a bloodstained altar of Trog.
  1992 | D:3      | Found a hide-covered altar of Uskayaw.
  1992 | D:3      | Found an ancient bone altar of Kikubaaqudgha.
  2094 | D:3      | Reached *** piety under Trog
  2312 | D:3      | Reached skill level 8 in Axes
  2556 | D:4      | Reached XP level 6. HP: 35/51 MP: 5/5
  2809 | D:4      | Reached skill level 9 in Axes
  2972 | D:4      | Found a white marble altar of Elyvilon.
  3150 | D:4      | Found a staircase to the Ecumenical Temple.
  4019 | D:5      | Entered Level 5 of the Dungeon
  4030 | D:5      | Reached XP level 7. HP: 37/57 MP: 6/6
  4234 | D:5      | Found an opulent altar of Gozag.
  4284 | D:5      | Reached skill level 10 in Axes
  4749 | D:5      | Noticed Pikel
  4759 | D:5      | Killed Pikel
  4759 | D:5      | Reached skill level 12 in Axes
  4759 | D:5      | Reached XP level 8. HP: 64/64 MP: 7/7
  4842 | D:5      | Reached **** piety under Trog
  4844 | D:5      | Identified the +3 glaive of the Blowfly {vorpal, *Contam
                  | rN+ MR+++ Int+4}
  4861 | D:5      | HP: 4/96 [something (4)]
  4863 | D:5      | HP: 1/96 [something (2)]
  4863 | D:5      | Slain by an orc

Illustrated notes

Levels and vault maps discovered:
D:1:      ncdulo_smallfort, layout_basic
D:2:      layout_basic, uniq_natasha
D:3:      layout_rooms, gammafunk_temple_overflow_forgotten
D:4:      layout_basic, elyvilon_altar_1, minmay_temple_entry_enclosed_plants
D:5:      layout_basic, lemuel_coloured_pillars_altar, grunt_gozag_breadcrumbs,
          uniq_crazy_yiuf_cottage, uniq_pikel

Skill      XL: |  1  2  3  4  5  6  7 |
---------------+----------------------+-----
Axes           | 4 5 6 7 8 9 12 | 12.6
Fighting       | |  3.6
Armour         | |  2.4
Dodging        | |  2.1

Action                   |  1- 3 |  4- 6 |  7- 9 || total
-------------------------+-------+-------+-------++-------
Melee: Hand axe          |    75 |    41 |       ||   116
       Headbutt          |    10 |    20 |    11 ||    41
       War axe           |       |    76 |    64 ||   140
Throw: Dart              |       |     3 |       ||     3
Invok: Berserk           |       |       |     2 ||     2
  Use: Scroll            |     1 |       |       ||     1
       Potion            |       |     6 |     1 ||     7
Armor: Animal skin       |     9 |       |       ||     9
       Ring mail         |    27 |     9 |       ||    36
       Scale mail        |       |    20 |    18 ||    38
Dodge: Dodged            |    51 |    53 |    20 ||   124

Table legend: (Time is in decaauts)
 A = Elapsed time spent in this place.
 B = Non-inter-level travel time spent in this place.
 C = Inter-level travel time spent in this place.
 D = Time resting spent in this place.
 E = Time spent auto-exploring this place.
 F = Levels seen in this place.
 G = Mean time per level.
                   A        B        C        D        E       F      G
               +--------+--------+--------+--------+--------+-----+--------+
         Total |   4863 |   4636 |    227 |     34 |   3953 |   5 |  972.6 |
       Dungeon |   4863 |   4636 |    227 |     34 |   3953 |   5 |  972.6 |
               +--------+--------+--------+--------+--------+-----+--------+

Top non-repeatable levels by time:
     D:4: 1481 daAuts
     D:2: 928 daAuts
     D:1: 869 daAuts
     D:5: 826 daAuts
     D:3: 757 daAuts
